 Dungeon Crawl Stone Soup version 0.31-a0-408-gb642c7f9a3 (webtiles) character file.

Game seed: 9647887578160182347

4699 CraigForest the Carver (level 10, -2/69 HPs)
             Began as a Formicid Gladiator on July 30, 2023.
             Was an Elder of Hepliaklqana.
             Slain by an orc knight
             ... wielding a +0 glaive
              (15 damage)
             ... in a bailey.
             The game lasted 00:50:52 (7070 turns).

CraigForest the Carver (Formicid Gladiator)         Turns: 7070, Time: 00:50:53

Health: -2/69      AC: 16    Str: 19    XL:     10   Next: 72%
Magic:  11/11      EV:  7    Int:  8    God:    Hepliaklqana [****..]
Gold:   607        SH: 10    Dex: 25    Spells: 9/9 levels left

rFire   . . .        X - +3 great sword (protect)
rCold   x . .        Y - +0 kite shield
rNeg    . . .        I - +1 plate armour of the Onion {rC- Will+ SInv}
rPois   +            (helmet unavailable)
rElec   .            k - +0 cloak
rCorr   .            M - +0 pair of gloves
SInv    +            (no boots)
Will    ++...        (no amulet) Stlth
                     B - ring of poison resistance
HPRegen 0.31/turn    s - +6 ring of dexterity
MPRegen 0.12/turn

%: no passive effects
@: no status effects
A: reduced essence, permanent stasis, dig shafts and tunnels, antennae 3, four
strong arms
a: Dig, Renounce Religion, Recall Ancestor, Ancestor Identity, Transference,
Idealise


You were in a bailey.
You worshipped Hepliaklqana.
Hepliaklqana was greatly pleased with you.
You visited 2 branches of the dungeon, and saw 9 of its levels.
You also visited: Ossuary and Bailey.

You collected 607 gold pieces.

Inventory:

Hand Weapons
 a - a +0 long sword
 z - a +2 mace of draining
 G - a +0 dagger of venom
 L - a +2 whip of flaming
 W - a +4 short sword
 X - a +3 great sword of protection (weapon)
Missiles
 c - 5 throwing nets
 e - 11 poisoned darts
 m - 3 curare-tipped darts
Armour
 b - a +0 leather armour
 f - a +0 chain mail
 k - a +0 cloak (worn)
 u - a +0 ring mail
 E - a +0 scale mail
 I - the +1 plate armour of the Onion (worn) {rC- Will+ SInv}
   (You found it on level 5 of the Dungeon)

   rC:        It makes you vulnerable to cold.
   SInv:      It lets you see invisible.
   Will:      It increases your willpower.
 M - a +0 pair of gloves (worn)
 Y - a +0 kite shield (worn)
Magical Staves
 l - a staff of earth
Jewellery
 i - a ring of flight
 s - a +6 ring of dexterity (right hand)
 v - a ring of wizardry
 B - a ring of poison resistance (left hand)
 N - an amulet of the acrobat
Talismans
 J - a beast talisman
 O - a dragon-blood talisman
Wands
 P - a wand of iceblast (3)
 R - a wand of flame (34)
Scrolls
 h - a scroll of fog
 j - a scroll of silence {unknown}
 t - 2 scrolls of amnesia {unknown}
 y - 2 scrolls of vulnerability {unknown}
 A - a scroll of immolation {unknown}
 D - a scroll of enchant weapon {unknown}
 H - a scroll of summoning {unknown}
 K - a scroll of fear {unknown}
 S - a scroll of teleportation {unknown}
Potions
 g - 4 potions of heal wounds
 n - 4 potions of degeneration {unknown}
 o - 5 potions of curing
 p - 3 potions of haste {unknown}
 q - 2 potions of enlightenment
 r - a potion of berserk rage {unknown}
 w - 3 potions of brilliance
 x - 3 potions of resistance
 C - a potion of ambrosia {unknown}
 F - 2 potions of lignification
 Q - 4 potions of mutation {unknown}
 T - 3 potions of might {unknown}
 U - 2 potions of invisibility {unknown}
 V - a potion of attraction {unknown}
 Z - a potion of cancellation {unknown}


   Skills:
 + Level 6.9 Fighting
 + Level 10.6 Long Blades
 + Level 2.7 Throwing
 + Level 5.6 Armour
 + Level 5.6 Dodging
 - Level 6.0 Stealth
 * Level 0.6 Shields
 * Level 1.7 Invocations


You had 9 spell levels left.
You didn't know any spells.
Your spell library contained the following spells:

 Spells                   Type           Power      Damage    Failure   Level
 Inner Flame              Hex/Fire       0%         N/A       100%        3
 Yara's Violent Unravell  Hex/Tmut       0%         3d3       100%        5
 Enfeeble                 Hex            0%         N/A       100%        7


Dungeon Overview and Level Annotations

Branches:
Dungeon (8/15)             Temple (1/1) D:7         Ossuary (visited)
 Bailey (1/1)
   Lair: D:8-11

Altars:
Ashenzari
Cheibriados
Dithmenos
Elyvilon
Hepliaklqana
Kikubaaqudgha
Makhleb
Nemelex Xobeh
Okawaru
Qazlal
Ru
Sif Muna
Trog
Uskayaw
Vehumet
Wu Jian
Xom
Yredelemnul
Zin
The Shining One

Shops:
D:2 (   D:6 (


Innate Abilities, Weirdness & Mutations

Your life essence is reduced to manifest your ancestor. (-10% HP)
You cannot be hasted, slowed, berserked, paralysed or teleported.
You can dig through walls and to a lower floor.
You have a pair of large antennae on your head. (SInv)
Your four strong arms can wield two-handed weapons with a shield.


Message History

Chitauli hits the orc knight with a +0 dagger of draining.
Chitauli drains the orc knight.
The orc warrior hits you but does no damage.
The orc knight hits you from afar with a +0 glaive.
The orc hits you from afar with a +0 halberd!
* * * LOW HITPOINT WARNING * * *
The orc hits you but does no damage. You block the orc's attack.
Chitauli hits the orc knight with a +0 dagger of draining!
Chitauli drains the orc knight.
Chitauli points at the orc knight and mumbles some strange words.
The orc knight resists with some effort.
Something hits Chitauli!
The orc knight hits Chitauli with a +0 glaive!!
Chitauli is destroyed!
You block the orc's attack. The orc hits you with a +0 trident.
* * * LOW HITPOINT WARNING * * *
You slash the orc!
Your weapon exudes an aura of protection.
You kill the orc!
The orc hits you but does no damage.
The orc hits you from afar with a +0 trident!
* * * LOW HITPOINT WARNING * * *
You feel much better.
The orc warrior hits you from afar with a +0 spear.
* * * LOW HITPOINT WARNING * * *
The orc barely misses you. You block the orc's attack.
You block the orc warrior's attack.
The orc knight hits you with a +0 glaive!
* * * LOW HITPOINT WARNING * * *
You feel much better.
The orc warrior hits you from afar with a +0 spear.
* * * LOW HITPOINT WARNING * * *
You block the orc's attack. You block the orc knight's attack.
The orc hits you from afar with a +0 trident.
* * * LOW HITPOINT WARNING * * *
The orc hits you but does no damage.
The orc no longer looks unusually strong.
The orc closely misses you.
The orc knight hits you with a +0 glaive!
You die...

#+++++#
##..(..##
#.......#
#.......#
#...).oo#
#..#o#o.#
#..).o..#
##....@##
##'''##
#.....#
#.....#
#.....#
#.....#
#.....#
##'''##
##.....##


You could see an orc knight (drained), an orc warrior (strong) and 3 orcs.

Vanquished Creatures
  Pikel (D:6)
  Menkaure (D:4)
  A yak (D:5)
  Duvessa (D:6)
  2 water moccasins
  A black bear (D:6)
  A sky beast (D:8)
  An orc warrior (Bailey)
  An ice beast (D:6)
  A centaur (D:6)
  A phantom (D:6)
  A kobold brigand (D:8)
  2 bullfrogs
  3 scorpions
  A wight (D:8)
  Dowan (D:6)
  3 killer bees (D:7)
  2 vampire bats (D:3)
  4 howler monkeys
  2 gnoll boudas
  2 hounds
  An orc priest (D:4)
  A jelly (D:6)
  Jessica (D:2)
  3 iguanas
  A sleepcap (D:7)
  3 orc wizards
  2 mummies (Ossuary)
  Robin (D:4)
  8 gnolls
  6 adders
  A white imp (D:8)
  5 adder zombies (Ossuary)
  2 worms
  2 dart slugs
  36 orcs
  3 ball pythons
  7 bats
  4 bat skeletons (D:3)
  2 bat zombies (D:3)
  4 endoplasms
  A giant cockroach (D:2)
  13 goblins
  6 hobgoblins
  6 jackals
  8 kobolds
  A quokka (D:2)
  2 frilled lizards
  3 goblin zombies (Ossuary)
  2 hobgoblin zombies (Ossuary)
  6 kobold zombies (Ossuary)
  A quokka zombie (Ossuary)
  2 rats
  A rat zombie (Ossuary)
  A spectral hobgoblin (D:3)
179 creatures vanquished.

Vanquished Creatures (collateral kills)
  3 yaks (D:5)
  A wraith (D:5)
  An ice beast (D:7)
  An ogre (D:5)
  A lemure (D:6)
  2 bullfrogs
  A gnoll sergeant (D:8)
  3 scorpions
  3 wights (D:8)
  An orc priest (D:5)
  2 jellies (D:5)
  An iguana (D:5)
  A sleepcap (D:5)
  An orc wizard (D:5)
  A mummy (Ossuary)
  5 gnolls
  3 adders
  A shadow imp (D:5)
  A white imp (D:5)
  13 orcs
  4 goblins
  4 hobgoblins (D:4)
  A jackal (D:4)
  3 kobolds (D:8)
58 creatures vanquished.

Vanquished Creatures (others)
  2 hexers
2 creatures vanquished.

Grand Total: 239 creatures vanquished

Notes
Turn   | Place    | Note
-------+----------+-------------------------------------------
     0 | D:1      | CraigForest the Formicid Gladiator began the quest for the
                  | Orb.
     0 | D:1      | Reached XP level 1. HP: 16/16 MP: 1/1
    94 | D:1      | Reached XP level 2. HP: 20/22 MP: 2/2
   892 | D:2      | Found a hazy altar of Hepliaklqana.
   904 | D:2      | Became a worshipper of Hepliaklqana the Forgotten
   926 | D:2      | Reached XP level 3. HP: 27/27 MP: 3/3
  1052 | D:2      | Found Moachy's Antique Weapon Emporium.
  1203 | D:2      | Reached skill level 4 in Long Blades
  1251 | D:2      | Reached XP level 4. HP: 23/34 MP: 4/4
  1353 | D:2      | Noticed Jessica
  1361 | D:2      | Killed Jessica
  1362 | D:2      | Reached skill level 1 in Stealth
  1467 | D:3      | Found an ancient bone altar of Kikubaaqudgha.
  1475 | D:3      | Reached skill level 1 in Armour
  1475 | D:3      | Reached XP level 5. HP: 36/39 MP: 5/5
  1548 | D:3      | Noticed a +0 dagger
  1548 | D:3      | Noticed a +0 short sword
  1548 | D:3      | Noticed a +0 falchion
  1550 | D:3      | Noticed a +0 spear
  1550 | D:3      | Noticed a +0 falchion
  1551 | D:3      | Noticed a +0 spear
  1551 | D:3      | Noticed a +0 short sword
  1552 | D:3      | Found a hide-covered altar of Uskayaw.
  1552 | D:3      | Noticed a +0 dagger
  1566 | D:3      | Reached * piety under Hepliaklqana
  1674 | D:3      | Found a hazy altar of Hepliaklqana.
  1718 | D:3      | Found a glowing golden altar of the Shining One.
  1756 | D:3      | Found a faded altar of an unknown god.
  1761 | D:3      | Reached XP level 6. HP: 39/40 MP: 6/6
  1785 | D:3      | Reached skill level 5 in Long Blades
  2218 | D:3      | Found a burning altar of Makhleb.
  2224 | D:3      | Noticed an Executioner
  2227 | D:3      | Noticed a ynoxinul
  2227 | D:3      | Noticed a ynoxinul
  2517 | D:4      | Reached XP level 7. HP: 33/46 MP: 7/7
  2521 | D:4      | Reached ** piety under Hepliaklqana
  2522 | D:4      | Remembered your ancestor Chitauli as a hexer
  2962 | D:4      | Noticed Robin
  2979 | D:4      | Killed Robin
  2980 | D:4      | Reached skill level 6 in Long Blades
  3291 | D:4      | Noticed Menkaure
  3298 | D:4      | Killed Menkaure
  3299 | D:4      | Reached XP level 8. HP: 54/54 MP: 8/8
  3421 | D:5      | Entered Level 5 of the Dungeon
  3450 | D:5      | Identified the +2 ring mail of Ethics {-Tele Fly Int+7}
  3466 | D:5      | Reached skill level 7 in Long Blades
  3682 | D:5      | Noticed a yak
  3682 | D:5      | Noticed a yak
  3682 | D:5      | Noticed a yak
  3692 | D:5      | Killed a yak
  3700 | D:5      | Killed a yak
  3701 | D:5      | Reached skill level 5 in Stealth
  3714 | D:5      | Killed a yak
  3715 | D:5      | Reached XP level 9. HP: 45/59 MP: 9/9
  3857 | D:5      | Found a transporter.
  3871 | D:5      | Found a shadowy altar of Dithmenos.
  3872 | D:5      | Found a snail-covered altar of Cheibriados.
  3872 | D:5      | Found a white marble altar of Elyvilon.
  3883 | D:5      | Found a transporter.
  3905 | D:5      | Reached skill level 5 in Fighting
  3905 | D:5      | Reached skill level 8 in Long Blades
  3918 | D:5      | Identified the +1 plate armour of the Onion {rC- Will+
                  | SInv}
  4163 | D:5      | Found a bloodstained altar of Trog.
  4219 | D:5      | Reached *** piety under Hepliaklqana
  4437 | D:6      | Found Ojuub's Antique Weapon Shoppe.
  4548 | D:6      | Noticed Duvessa
  4548 | D:6      | Noticed Dowan
  4551 | D:6      | Killed Dowan
  4565 | D:6      | Killed Duvessa
  4620 | D:6      | Reached skill level 9 in Long Blades
  4717 | D:6      | Noticed Pikel
  4727 | D:6      | Reached skill level 5 in Dodging
  4764 | D:6      | Reached XP level 10. HP: 51/68 MP: 10/10
  4778 | D:6      | Killed Pikel
  4779 | D:6      | Reached skill level 5 in Armour
  5598 | D:7      | Reached skill level 10 in Long Blades
  5728 | D:7      | Reached **** piety under Hepliaklqana
  5737 | D:7      | Found a sand-covered staircase.
  5742 | Ossuary  | Entered an ossuary
  5967 | D:7      | Found a staircase to the Ecumenical Temple.
  5986 | Temple   | Entered the Ecumenical Temple
  6752 | D:8      | Reached skill level 1 in Invocations
  6928 | D:8      | Found a flagged portal.
  6938 | Bailey   | Entered a bailey
  7051 | Bailey   | Noticed an orc knight
  7068 | Bailey   | HP: 2/69 [orc knight/+0 glaive (16)]
  7070 | Bailey   | Slain by an orc knight

Illustrated notes

Levels and vault maps discovered:
D:1:      kilobyte_arrival_exit_the_forest, layout_loops_ring
D:2:      layout_basic, serial_shops, nicolae_diamond_shop, basic_altar,
          minmay_domino_2, uniq_jessica
D:3:      layout_loops_ring, nicolae_uskayaw_en_pointe,
          makhleb_altar_promises_db, nicolae_tso_swordbearing_angel,
          nicolae_hepliaklqana_monster_ancestors, kennysheep_vampire_church,
          serial_rivers, chequers_serial_rivers_small_3,
          chequers_serial_rivers_small_b, chequers_serial_rivers_small_3,
          chequers_serial_rivers_large_a, chequers_serial_rivers_small_3,
          chequers_serial_rivers_micro_c, hellmonk_ecumenical_altar_lost_god
D:4:      layout_gridville, minmay_vboxes, uniq_menkaure, uniq_robin
D:5:      nicolae_BIG_FREAKIN_CUBE, layout_basic, kennysheep_mini_moat,
          gammafunk_temple_overflow_arena, kennysheep_crisscross,
          grunt_ministairs_15
D:6:      layout_basic, serial_shops, shop, nicolae_figureground_sparkle,
          uniq_pikel, uniq_duvessa
D:7:      layout_loops_ring, temple_pool_b, nicolae_ossuary_entry_plus
D:8:      layout_cave_pools, mainiacjoe_overflow_24_doors, dpeg_lair_monsters,
          enter_bailey_3
Temple:   jpeg_temple_clearing
Bailey:   bailey_polearm_5, bailey

Skill      XL: |  1  2  3  4  5  6  7  8  9 10 |
---------------+-------------------------------+-----
Dodging        | 3 4 5 |  5.6
Long Blades    | 4 5 6 7 9 10 | 10.6
Stealth        | 1 2 3 5 6 |  6.0
Armour         | 1 2 3 4 5 |  5.6
Fighting       | 3 4 5 6 |  6.9
Invocations    | 1 |  1.7
Throwing       | |  2.7
Shields        | |  0.6

Action                     |  1- 3 |  4- 6 |  7- 9 | 10-12 || total
---------------------------+-------+-------+-------+-------++-------
  Melee: Long sword        |    71 |    90 |   197 |   165 ||   523
         Punch             |     1 |       |     2 |     5 ||     8
         Great sword       |       |       |       |    33 ||    33
  Throw: Dart              |     4 |       |     3 |       ||     7
         Throwing net      |     1 |       |       |       ||     1
         Javelin           |       |       |     1 |     1 ||     2
 Invoke: Ancestor Identity |       |     1 |     1 |       ||     2
         Ancestor Life: He |       |       |     1 |       ||     1
         Recall Ancestor   |       |       |       |     1 ||     1
    Use: Scroll            |     1 |     4 |     1 |     2 ||     8
         Potion            |       |       |     1 |     5 ||     6
   Stab: Sleeping          |     2 |     5 |     5 |     2 ||    14
         Held in net/web   |     1 |       |       |       ||     1
         Distracted        |       |     2 |     6 |     6 ||    14
         Confused          |       |       |    17 |    16 ||    33
 Armour: Leather armour    |    14 |    35 |    15 |       ||    64
         Ring mail         |       |       |    28 |    38 ||    66
         Plate armour      |       |       |       |    16 ||    16
  Dodge: Dodged            |    56 |    93 |   116 |   187 ||   452
  Block: Kite shield       |       |       |       |    54 ||    54

Table legend: (Time is in decaauts)
 A = Elapsed time spent in this place.
 B = Non-inter-level travel time spent in this place.
 C = Inter-level travel time spent in this place.
 D = Time resting spent in this place.
 E = Time spent auto-exploring this place.
 F = Levels seen in this place.
 G = Mean time per level.
                   A        B        C        D        E       F      G
               +--------+--------+--------+--------+--------+-----+--------+
         Total |   7107 |   5533 |   1574 |      0 |   3720 |  11 |  646.1 |
       Dungeon |   6781 |   5221 |   1560 |      0 |   3716 |   8 |  847.6 |
        Temple |     19 |      5 |     14 |      0 |      4 |   1 |   19.0 |
       Ossuary |    164 |    164 |      0 |      0 |      0 |   1 |  164.0 |
        Bailey |    141 |    141 |      0 |      0 |      0 |   1 |  141.0 |
               +--------+--------+--------+--------+--------+-----+--------+

Top non-repeatable levels by time:
     D:6: 1131 daAuts
     D:4: 1071 daAuts
     D:5: 1017 daAuts
     D:7: 995 daAuts
     D:3: 942 daAuts
     D:1: 804 daAuts
     D:2: 641 daAuts
     D:8: 176 daAuts
 Ossuary: 164 daAuts
  Bailey: 141 daAuts
  Temple: 19 daAuts
